 Dungeon Crawl Stone Soup version 0.28-a0-802-g09f76e8c00 (webtiles) character file.

Game seed: 2516397634995209111

262 vurker the Gusty (level 5, -5/22 HPs)
             Began as a Felid Air Elementalist on Nov 6, 2021.
             Slain by a centaur (6 damage)
             ... on level 7 of the Dungeon.
             The game lasted 00:05:07 (3680 turns).

vurker the Gusty (Felid Air Elementalist)           Turns: 3680, Time: 00:05:08

Health: -5/22      AC:  1    Str:  4    XL:     5   Next: 97%
Magic:  10/11      EV: 17    Int: 17    God:
Gold:   188        SH:  0    Dex: 17    Spells: 6/11 levels left
                                        Lives:  0   Deaths: 1

rFire   . . .      SeeInvis +   (weapon unavailable)
rCold   . . .      Faith    .   (shield unavailable)
rNeg    . . .      Spirit   .   (armour unavailable)
rPois   .          Reflect  .   (helmet unavailable)
rElec   .          Harm     .   (cloak unavailable)
rCorr   .          Rampage  .   (gloves unavailable)
Will    .....                   (boots unavailable)
Stlth   ++........              (no amulet)
HPRegen 0.07/turn               h - ring of wizardry
MPRegen 0.12/turn               (no ring)

@: quick
A: very small, claws 1, fangs 3, see invisible, speed 1, shaggy fur 1, stealthy
paws, no weapons or thrown items, no armour, multi-lived
a: no special abilities


You were on level 7 of the Dungeon.
You visited 1 branch of the dungeon, and saw 5 of its levels.

You collected 188 gold pieces.

Inventory:

Jewellery
 h - a ring of wizardry (left paw)
   (You found it on level 3 of the Dungeon)
Scrolls
 a - 2 scrolls of immolation {unknown}
 b - 2 scrolls of identify {unknown}
 d - a scroll of noise {unknown}
 i - a scroll of teleportation {unknown}
Potions
 c - a potion of haste {unknown}
 e - a potion of flight {unknown}
 f - a potion of curing {unknown}
 g - 2 potions of lignification {unknown}


   Skills:
 + Level 2.2 Fighting
 - Level 2.6 Dodging
 - Level 2.6 Stealth
 * Level 3.7 Spellcasting
 + Level 2.3 Conjurations
 * Level 4.3 Air Magic


You had 6 spell levels left.
You knew the following spells:

 Your Spells              Type           Power      Damage    Failure   Level
a - Shock                 Conj/Air       56%        1d6       1%          1
c - Airstrike             Air            8%         N/A       11%         4

Your spell library contained the following spells:

 Spells                   Type           Power      Damage    Failure   Level
 Static Discharge         Conj/Air       14%        N/A       2%          2
 Swiftness                Air            17%        N/A       3%          3
 Sublimation of Blood     Necr           3%         N/A       10%         2
 Ozocubu's Armour         Ice            3%         N/A       19%         3
 Petrify                  Tmut/Erth      3%         N/A       52%         4
 Irradiate                Conj/Tmut      3%         3d14      69%         5
 Ozocubu's Refrigeration  Ice            1%         4d5       100%        7


Dungeon Overview and Level Annotations

Branches:
Dungeon (4/15)
 Temple: D:4-7

Altars:


Innate Abilities, Weirdness & Mutations

You have sharp claws.
You have razor-sharp teeth.
You have supernaturally acute eyesight. (SInv)
You cover ground quickly. (Speed+)
You are covered in fur. (AC +1)
Your paws help you pounce on unaware monsters.
You are incapable of wielding weapons or throwing items.
You cannot wear armour.
You gain extra lives every three experience levels.


Message History

You climb upwards.
There is a stone staircase leading down here.
You start resting.
There is an open door here.
There is a stone staircase leading down here.
You start resting.
You climb downwards.
There is a stone staircase leading up here.
You now have 177 gold pieces (gained 12).
Things that are here:
9 stones; a +0 whip
Things that are here:
a +0 spear; a gnoll skeleton You now have 188 gold pieces (gained 11).
This spell is extremely dangerous to cast!
Memorise Airstrike, consuming 4 spell levels and leaving 6?
You start memorising the spell.
You continue memorising. x4
You finish memorising.
Spell assigned to 'b'.
Adjust (i)tems, (s)pells, or (a)bilities?
Adjust which spell? b - Airstrike Adjust to which letter? c - Airstrike
Things that are here:
a +0 robe; a +0 dagger; an orc corpse You fall into a shaft and drop 3 floors!
The shaft crumbles and collapses. 2 orcs and an orc priest come into view.
The orc priest is wielding a +1 morningstar of draining.
The orc priest shouts!
The orc shouts! x2
Found a scroll labelled NISURU ZEPAIPH and 10 gold pieces.
Okay, then.
The orc hits you with a +0 dagger. The orc closely misses you.
The orc priest miscasts a cantrip.
An ice beast comes into view.
The orc priest calls down the wrath of Beogh upon you.
Beogh smites you!
Ouch! That really hurt!
* * * LOW HITPOINT WARNING * * *
A centaur comes into view.
The centaur wields a +0 shortbow.
The centaur shoots an arrow.
The arrow closely misses you.
The centaur shoots an arrow.
The arrow hits you.
* * * LOW HITPOINT WARNING * * *
Unknown command.
The centaur unwields a +0 shortbow.
The centaur closely misses you. x2
Aim: a centaur, quivering arrows (83% to hit)
The zap hits the centaur.
The centaur hits you.
You die...

.................
#..............
#....o.......?. # #
#.....#...#.##.
#.#.##.#####...#.#
#......o..######.#
###.......# .#
#......o######.#.###.
#.......Y.oo.@c......
#........#####.#.####
#........# ...
#........# .###
####...... .#
######## ##


You could see an ice beast, a centaur, an orc priest and 2 orcs.

Vanquished Creatures
  A scorpion (D:4)
  A water moccasin skeleton (D:4)
  An orc wizard (D:4)
  8 adders
  4 gnolls (D:4)
  2 worms
  3 orcs (D:4)
  5 ball pythons
  3 bats
  5 endoplasms
  2 giant cockroaches
  4 hobgoblins
  7 jackals
  4 kobolds
  3 quokkas
  4 goblins
  5 rats
62 creatures vanquished.

Notes
Turn   | Place    | Note
-------+----------+-------------------------------------------
     0 | D:1      | vurker the Felid Air Elementalist began the quest for the
                  | Orb.
     0 | D:1      | Reached XP level 1. HP: 7/7 MP: 4/4
   179 | D:1      | Reached skill level 1 in Conjurations
   264 | D:1      | Reached XP level 2. HP: 12/12 MP: 1/6
   440 | D:1      | Reached skill level 3 in Air Magic
   933 | D:2      | Reached XP level 3. HP: 15/15 MP: 0/7
  1146 | D:2      | Reached skill level 1 in Fighting
  1818 | D:3      | Reached XP level 4. HP: 19/19 MP: 3/9
  2096 | D:3      | Slain by an adder
  2097 | D:3      | Reached XP level 3. HP: 0/15 MP: 3/8
  2427 | D:3      | Reached XP level 4. HP: 19/19 MP: 4/9
  3204 | D:4      | Reached skill level 4 in Air Magic
  3204 | D:4      | Reached XP level 5. HP: 20/22 MP: 5/11
  3661 | D:4      | Learned a level 4 spell: Airstrike
  3662 | D:4      | You fall into a shaft and drop 3 floors!
  3669 | D:7      | Noticed an ice beast
  3675 | D:7      | Noticed a centaur
  3678 | D:7      | HP: 1/22 [centaur/arrow (4)]
  3680 | D:7      | Slain by a centaur

Illustrated notes

Levels and vault maps discovered:
D:1:      pf_arrival_petrified_forest, layout_basic
D:2:      layout_basic, kennysheep_generic_room_3
D:3:      cheibrodos_helix_gallery, layout_basic,
          chequers_serial_rivers_small_3, minmay_liquid_box
D:4:      layout_cave_pools, nicolae_overflow_crystal_walls, uniq_sigmund
D:7:      layout_loops_cross, minmay_overflow_temple_star_quad,
          minmay_temple_entry_glass, grunt_decor_junction,
          chequers_serial_rivers_micro_e

Skill      XL: |  1  2  3  4  5 |
---------------+----------------+-----
Conjurations   | 1 2 |  2.3
Air Magic      | 3 4 |  4.3
Fighting       | 1 2 |  2.2
Spellcasting   | 3 |  3.7
Dodging        | |  2.6
Stealth        | |  2.6

Action                   |  1- 3 |  4- 6 || total
-------------------------+-------+-------++-------
Melee: Unarmed           |    10 |     1 ||    11
 Cast: Shock             |    95 |    80 ||   175
Armor: Skin              |     2 |       ||     2
Dodge: Dodged            |    21 |    27 ||    48

Table legend: (Time is in decaauts)
 A = Elapsed time spent in this place.
 B = Non-inter-level travel time spent in this place.
 C = Inter-level travel time spent in this place.
 D = Time resting spent in this place.
 E = Time spent auto-exploring this place.
 F = Levels seen in this place.
 G = Mean time per level.
                   A        B        C        D        E       F      G
               +--------+--------+--------+--------+--------+-----+--------+
         Total |   3295 |   3195 |    100 |    284 |   2432 |   5 |  659.0 |
       Dungeon |   3295 |   3195 |    100 |    284 |   2432 |   5 |  659.0 |
               +--------+--------+--------+--------+--------+-----+--------+

Top non-repeatable levels by time:
     D:3: 1378 daAuts
     D:1: 839 daAuts
     D:2: 689 daAuts
     D:4: 372 daAuts
     D:7: 14 daAuts
